 Dungeon Crawl Stone Soup version 0.21.1-1-g345015f (webtiles) character file.

1612 Merlin the Cudgeler (level 8, -1/65 HPs)
             Began as a Demonspawn Chaos Knight on July 7, 2018.
             Slain by an ice beast (7 damage)
             ... on level 5 of the Dungeon.
             The game lasted 00:24:22 (3736 turns).

Merlin the Cudgeler (Demonspawn Chaos Knight)       Turns: 3736, Time: 00:24:23

Health: -1/65      AC: 12    Str: 14    XL:     8   Next: 63%
Magic:  8/8        EV: 10    Int: 13    God:    Xom [...*..]
Gold:   381        SH:  0    Dex: 14    Spells: 7/7 levels left

rFire    . . .     SeeInvis +   u - +8 demon blade "Bloodbane" {slice, *Rage +Rage Stlth-}
rCold    . . .     Gourm    .   (no shield)
rNeg     . . .     Faith    .   y - +1 scale mail of Death's Door {rElec MR+ Regen+ SInv}
rPois    .         Spirit   .   (helmet restricted)
rElec    +         Reflect  .   (no cloak)
rCorr    +         Harm     .   t - +0 pair of gloves
MR       +....     Clarity  +   h - +0 pair of boots
Stlth    ..........             (no amulet)
HPRegen  0.60/turn              e - ring of resist corrosion
MPRegen  0.11/turn              (no ring)

@: no status effects
A: antennae 1, rugged brown scales 2, clarity, powered by death 1, spiny 1, wild
magic 1
a: Renounce Religion, Evoke Berserk Rage


You were on level 5 of the Dungeon.
You worshipped Xom.
You were a favourite toy of Xom.
You were hungry.

You visited 1 branch of the dungeon, and saw 6 of its levels.

You collected 381 gold pieces.

Inventory:

Hand Weapons
 a - a +0 mace of chaos
 u - the +8 demon blade "Bloodbane" (weapon) {slice, *Rage +Rage Stlth-}
   (You found it on level 4 of the Dungeon)

   It inflicts extra damage upon your enemies.
   It lets you go berserk.
   It may make you go berserk in combat.
   It makes you less stealthy.
Armour
 b - a +2 leather armour
 h - a +0 pair of boots (worn)
 l - a +1 robe of cold resistance
 t - a +0 pair of gloves (worn)
 y - the +1 scale mail of Death's Door (worn) {rElec MR+ Regen+ SInv}
   (You found it on level 5 of the Dungeon)

   It insulates you from electricity.
   It affects your resistance to hostile enchantments.
   It lets you see invisible.
   It increases your rate of regeneration.
Jewellery
 e - a ring of resist corrosion (left hand)
Wands
 x - a wand of disintegration (7)
 E - a wand of iceblast (18)
 F - a wand of digging (8)
Scrolls
 f - a scroll of fog
 i - 2 scrolls of identify
 j - a scroll of immolation
 k - a scroll of blinking {unknown}
 p - 3 scrolls of teleportation
 q - 2 scrolls of remove curse
 r - a scroll of amnesia {unknown}
 s - a scroll of random uselessness {unknown}
 w - a scroll of fear {unknown}
Potions
 d - 2 potions of curing
 g - a potion of flight {unknown}
 m - a potion of mutation {unknown}
 n - a potion of might {unknown}
 o - a potion of heal wounds {unknown}
 v - a potion of brilliance {unknown}
 z - 3 potions of cancellation {unknown}
 A - 2 potions of lignification {unknown}
 B - a potion of ambrosia {unknown}
 C - a potion of haste
 G - a potion of agility {unknown}
 H - a potion of invisibility {unknown}
Comestibles
 c - 7 rations


   Skills:
 + Level 5.0 Fighting
 * Level 5.0 Long Blades
 + Level 5.5 Maces & Flails
 + Level 4.0 Armour
 + Level 3.2 Dodging
 + Level 3.3 Stealth
 + Level 0.4 Evocations


You had 7 spell levels left.
You didn't know any spells.

Dungeon Overview and Level Annotations

Branches:
Dungeon (6/15)
 Temple: D:4-7

Altars:
Trog
Xom

Shops:
D:4 :

Annotations:
D:6 Glalom's ghost, novice DDFi


Innate Abilities, Weirdness & Mutations

You have a pair of small antennae on your head.
You are mostly covered in rugged brown scales. (AC +2, +5% HP)
You regenerate a little health from kills.
You are partially covered in sharp spines.
You possess an exceptional clarity of mind.
Your spells are a little harder to cast, but a little more powerful.


Message History

There is a stone staircase leading up here.
The ice beast is struck by your spines. The ice beast barely misses you.
You riposte.
You closely miss the ice beast.
The ice beast is moderately wounded.
You climb upwards.
There is a stone staircase leading down here.
You barely miss the ice beast.
The ice beast is moderately wounded.
The ice beast is struck by your spines. The ice beast hits you.
* * * LOW HITPOINT WARNING * * *
The ice beast freezes you!
* * * LOW HITPOINT WARNING * * *
You feel better. The ice beast is struck by your spines.
The ice beast hits you but does no damage.
You closely miss the ice beast.
The ice beast is almost dead.
The ice beast hits you.
* * * LOW HITPOINT WARNING * * *
The ice beast freezes you!
You die...

#### #######
...###### #.....#
........######.###.#
.................#.#
........######.#.#.#
.............#.Y...#
..............##@###
........####...#.#
........# ##..#.#
.#####..# #..#.# .#
#.## #..#.# .# #.#
#..#.#### .# #.#
#........ .#####.#
#)##.#### .......#
#.##.# .#


You could see an ice beast.

Vanquished Creatures
  The ghost of CrazyArbalest the Quickloader, a novice MiHu of Okawaru (D:5)
  A sky beast (D:5)
  2 ogres (D:4)
  2 bullfrogs (D:6)
  A scorpion (D:6)
  An orc priest (D:6)
  A centaur zombie (D:6)
  A hound (D:4)
  A jelly (D:5)
  4 orc wizards
  4 iguanas
  6 worker ants
  A hound skeleton (D:6)
  4 gnolls (D:5)
  5 adders
  2 oozes
  A worm (D:2)
  5 dart slugs
  2 leopard geckos (D:1)
  14 orcs
  3 ball pythons
  16 giant cockroaches
  11 goblins
  5 hobgoblins
  8 jackals
  3 quokkas
  8 bats
  3 frilled lizards
  2 jackal skeletons (D:6)
  8 kobolds
  7 rats
133 creatures vanquished.

Vanquished Creatures (collateral kills)
  An adder (D:2)
1 creature vanquished.

Grand Total: 134 creatures vanquished

Notes
Turn   | Place    | Note
-------+----------+-------------------------------------------
     0 | D:1      | Merlin the Demonspawn Chaos Knight began the quest for the Orb.
     0 | D:1      | Reached XP level 1. HP: 18/18 MP: 1/1
   133 | D:1      | Gained mutation: You are partially covered in rugged brown scales. (AC +1, +3% HP) [demonic ancestry]
   133 | D:1      | Reached XP level 2. HP: 10/24 MP: 2/2
   204 | D:1      | XOM: silly message
   645 | D:2      | Reached XP level 3. HP: 29/29 MP: 3/3
   669 | D:2      | Reached skill level 1 in Dodging
   715 | D:2      | XOM: scenery: create altars
   735 | D:2      | XOM: smoke on damage
   821 | D:2      | XOM: divination: detect items
  1055 | D:2      | XOM: 3-stop teleportation journey
  1077 | D:2      | XOM: give mutations
  1077 | D:2      | Gained mutation: You possess an exceptional clarity of mind. [Xom's grace]
  1077 | D:2      | Gained mutation: Your spells are a little harder to cast, but a little more powerful. [Xom's grace]
  1411 | D:2      | XOM: summons 3 friendly demons
  1414 | D:2      | Gained mutation: You regenerate a little health from kills. [demonic ancestry]
  1414 | D:2      | Reached XP level 4. HP: 36/38 MP: 4/4
  1586 | D:3      | XOM: smoke on damage
  1632 | D:3      | Reached skill level 1 in Stealth
  1862 | D:3      | Gained mutation: You are partially covered in sharp spines. [demonic ancestry]
  1862 | D:3      | Reached XP level 5. HP: 43/43 MP: 5/5
  1882 | D:3      | XOM: cloud trail
  2003 | D:4      | Noticed an ogre
  2006 | D:4      | XOM: enchant monster (good)
  2010 | D:4      | Killed an ogre
  2014 | D:4      | Found the +8 demon blade "Bloodbane" {slice, *Rage +Rage Stlth-}
  2061 | D:4      | Found Icis's Book Shop.
  2176 | D:4      | XOM: divination: detect creatures
  2182 | D:4      | Gained mutation: You are mostly covered in rugged brown scales. (AC +2, +5% HP) [demonic ancestry]
  2182 | D:4      | Reached XP level 6. HP: 43/50 MP: 6/6
  2413 | D:4      | XOM: summons 3 hostile demons
  2472 | D:4      | Reached skill level 1 in Long Blades
  2751 | D:5      | XOM: noise
  2751 | D:5      | Entered Level 5 of the Dungeon
  2762 | D:5      | XOM: 1-stop teleportation journey
  2770 | D:5      | Noticed a sky beast
  2771 | D:5      | XOM: summons 4 friendly demons
  2781 | D:5      | Killed a sky beast
  2781 | D:5      | Reached skill level 5 in Maces & Flails
  2781 | D:5      | Reached XP level 7. HP: 49/57 MP: 7/7
  2809 | D:5      | Got a steaming scale mail
  2829 | D:5      | Identified the +1 scale mail of Death's Door {rElec MR+ Regen+ SInv} (You found it on level 5 of the Dungeon)
  2857 | D:5      | Noticed CrazyArbalest's ghost (novice MiHu)
  3001 | D:5      | XOM: scenery: create altars
  3121 | D:5      | Killed CrazyArbalest's ghost
  3121 | D:5      | Gained mutation: You have a pair of small antennae on your head. [demonic ancestry]
  3121 | D:5      | Reached XP level 8. HP: 28/64 MP: 8/8
  3340 | D:6      | Found a bloodstained altar of Trog.
  3357 | D:6      | XOM: cast spell 'Alistair's Intoxication'
  3360 | D:6      | XOM: smoke on damage
  3477 | D:6      | XOM: smoke on damage
  3491 | D:6      | Reached skill level 5 in Fighting
  3496 | D:6      | XOM: mild Ice miscast
  3610 | D:6      | XOM: divination: detect creatures
  3683 | D:6      | Reached skill level 5 in Long Blades
  3716 | D:6      | Noticed Glalom's ghost (novice DDFi)
  3727 | D:6      | XOM: smoke on damage
  3734 | D:5      | HP: 1/65 [ice beast (9)]
  3736 | D:5      | Slain by an ice beast

Skill      XL: |  1  2  3  4  5  6  7  8 |
---------------+-------------------------+-----
Maces & Flails | 3 4 5 |  5.5
Dodging        | 1 2 3 |  3.2
Armour         | 2 3 4 |  4.0
Stealth        | 1 2 3 |  3.3
Fighting       | 4 5 |  5.0
Long Blades    | 1 4 5 |  5.0
Evocations     | |  0.4

Action                   |  1- 3 |  4- 6 |  7- 9 || total
-------------------------+-------+-------+-------++-------
Melee: Mace              |   151 |   152 |    68 ||   371
       Demon blade       |       |    12 |    23 ||    35
 Abil: Evoke Berserk Rag |       |       |     1 ||     1
Evoke: Wand              |       |       |     2 ||     2
  Use: Scroll            |       |     1 |     4 ||     5
       Potion            |       |     1 |     1 ||     2
 Stab: Petrified         |     4 |       |       ||     4
       Sleeping          |     1 |     2 |       ||     3
       Petrifying        |     1 |       |       ||     1
       Paralysed         |       |     8 |     1 ||     9
       Confused          |       |       |     1 ||     1
  Eat: Chunk             |     2 |     1 |       ||     3
       Ration            |       |     1 |     1 ||     2
Armor: Leather armour    |    93 |    90 |     1 ||   184
       Scale mail        |       |       |    36 ||    36
Dodge: Dodged            |   124 |   128 |    39 ||   291
       Rpst.: Demon blade |       |       |     5 ||     5
